 Dungeon Crawl Stone Soup version 0.30.1-9-gdf580d7c3d (webtiles) character file.

Game seed: 9580449728251489448

3833 RogueRain17 the Carver (level 9, -1/61 (63) HPs)
             Began as a Demonspawn Monk on Oct 24, 2023.
             Was a High Priest of Okawaru.
             Slain by a wight
             ... wielding a +0 dire flail
              (5 damage)
             ... on level 8 of the Dungeon.
             The game lasted 00:30:01 (7828 turns).

RogueRain17 the Carver (Demonspawn Monk)            Turns: 7828, Time: 00:30:01

HP:   -1/61 (63)    AC:  5    Str: 12    XL:     9   Next: 98%
MP:   15/15         EV: 14    Int: 12    God:    Okawaru [*****.]
Gold: 424           SH:  0    Dex: 19    Spells: 8/8 levels left

rFire   + . .        y - +4 scimitar
rCold   + . .        d - orb {light}
rNeg    . . .        m - +0 robe {rC+ rF+}
rPois   .            (no helmet)
rElec   .            (no cloak)
rCorr   .            (no gloves)
SInv    .            q - +0 pair of boots
Will    .....        (no amulet)
Stlth   +            (no ring)
HPRegen 0.30/turn    (no ring)
MPRegen 0.14/turn

%: no passive effects
@: confused, ambrosia-drunk, glowing, lightly drained
A: molten scales 1, powered by death 1, spiny 2
a: Renounce Religion, Heroism, Finesse, Duel


You were on level 8 of the Dungeon.
You worshipped Okawaru.
Okawaru was extremely pleased with you.
You visited 1 branch of the dungeon, and saw 8 of its levels.

You collected 424 gold pieces.

Inventory:

Hand Weapons
 a - a +1 falchion
 e - the +2 dagger of Okawaru's Generosity {drain, Will++ Dex+3 SInv}
   (Okawaru gifted it to you on level 8 of the Dungeon)

   Dex:       It affects your dexterity (+3).
   SInv:      It lets you see invisible.
   Will:      It greatly increases your willpower.
 s - a +1 vampiric dagger
 y - a +4 scimitar (weapon)
Armour
 b - a +0 robe
 d - an orb of light (worn)
 m - a +0 robe of resistance (worn)
 q - a +0 pair of boots (worn)
Jewellery
 z - a ring of magical power
Scrolls
 h - 2 scrolls of enchant weapon
 k - 3 scrolls of identify
 l - a scroll of enchant armour
Potions
 c - a potion of ambrosia
 f - 3 potions of might
 g - 3 potions of curing
 i - 2 potions of degeneration
 n - a potion of flight {unknown}
 o - a potion of mutation {unknown}
 p - 2 potions of invisibility {unknown}
 r - a potion of heal wounds {unknown}
 w - 2 potions of haste {unknown}


   Skills:
 - Level 3.0 Fighting
 * Level 11.7 Long Blades
 + Level 3.5 Dodging
 - Level 1.5 Stealth
 + Level 8.4 Invocations


You had 8 spell levels left.
You didn't know any spells.
Your spell library contained the following spells:

 Spells                   Type           Power      Damage    Failure   Level
 Sublimation of Blood     Necr           0%         N/A       45%         2
 Inner Flame              Hex/Fire       0%         N/A       69%         3
 Flame Wave               Conj/Fire      0%         2d4       97%         4
 Petrify                  Tmut/Erth      0%         N/A       97%         4
 Sticky Flame             Conj/Fire      0%         2d3       97%         4
 Irradiate                Conj/Tmut      0%         3d11      100%        5


Dungeon Overview and Level Annotations

Branches:
Dungeon (8/15)             Temple (0/1) D:6
   Lair: D:8-11

Altars:
Cheibriados
Fedhas
Gozag
Nemelex Xobeh
Okawaru
Ru
Uskayaw


Innate Abilities, Weirdness & Mutations

You are partially covered in molten scales. (AC +2)
You regenerate a little health from kills.
You are mostly covered in sharp spines.


Message History

The yak is severely wounded.
You slice the yak!!
You kill the yak!
Okawaru is honoured by your kill. The yak closely misses you.
You hit the yak but do no damage. The yak gores you but does no damage.
You slash the yak!
The yak is moderately wounded.
The yak is struck by your spines. The yak gores you!
The yak is struck by your spines. The yak closely misses you.
You hit the yak.
The yak is severely wounded.
The yak closely misses you. The yak gores you.
You hit the yak.
The yak is severely wounded.
You hit the yak.
The yak is severely wounded.
The yak is struck by your spines. The yak gores you!
The yak is struck by your spines. The yak gores you.
You slash the yak!
You kill the yak!
Okawaru accepts your kill. The wight misses you. The yak gores you.
The yak gores you!
You hit the wight but do no damage.
A wight comes into view. It is wielding a +0 spear.
The wight is struck by your spines.
The wight hits you with a +0 dire flail!
* * * LOW HITPOINT WARNING * * *
You completely miss the wight.
The wight is moderately damaged.
The wight is struck by your spines.
The wight hits you with a +0 dire flail!
* * * LOW HITPOINT WARNING * * *
You are confused.
You feel invigorated.
The wight hits you with a +0 dire flail!
* * * LOW HITPOINT WARNING * * *
You feel drained.
You die...

.## .z##
... #.#
##.##
#.††##
#..Yz##
#..###@#
#.. ###
... ...
.. .


You could see a yak and 2 wights.

Vanquished Creatures
  Sigmund (D:2)
  3 yaks (D:8)
  A wyvern (D:7)
  Eustachio (D:6)
  A steam dragon (D:6)
  Menkaure (D:5)
  A water moccasin (D:6)
  Duvessa (D:6)
  An orc warrior (D:6)
  A sky beast (D:7)
  An ice beast (D:7)
  A black bear (D:5)
  5 centaurs
  3 ogres
  A phantom (D:4)
  A kobold brigand (D:7)
  Blork the orc (D:6)
  2 bullfrogs (D:7)
  2 scorpions
  Dowan (D:6)
  5 wights (D:6)
  4 hounds
  3 orc priests
  2 jellies (D:7)
  2 sleepcaps
  3 iguanas
  4 orc wizards
  9 adders
  4 gnolls (D:5)
  A white imp (D:7)
  An ufetubus (D:7)
  4 worms
  2 dart slugs
  17 orcs
  10 ball pythons
  4 bats
  7 endoplasms
  6 giant cockroaches
  6 goblins
  5 hobgoblins
  A jackal (D:2)
  A quokka (D:4)
  6 frilled lizards
  15 kobolds
  7 rats
159 creatures vanquished.

Notes
Turn   | Place    | Note
-------+----------+-------------------------------------------
     0 | D:1      | RogueRain17 the Demonspawn Monk began the quest for the
                  | Orb.
     0 | D:1      | Reached XP level 1. HP: 18/18 MP: 1/1
    78 | D:1      | Reached skill level 3 in Long Blades
    86 | D:1      | Gained mutation: You are partially covered in sharp spines.
                  | [demonic ancestry]
    86 | D:1      | Reached XP level 2. HP: 13/24 MP: 2/2
   870 | D:2      | Gained mutation: You regenerate a little health from kills.
                  | [demonic ancestry]
   870 | D:2      | Reached XP level 3. HP: 27/28 MP: 3/3
  1012 | D:2      | Reached skill level 4 in Long Blades
  1349 | D:2      | Noticed Sigmund
  1606 | D:2      | Identified the +6 morningstar "Qanted" {venom, Int+2}
  1725 | D:2      | Killed Sigmund
  1726 | D:2      | Reached skill level 5 in Long Blades
  1726 | D:2      | Reached XP level 4. HP: 35/35 MP: 4/4
  1726 | D:2      | Reached XP level 5. HP: 41/41 MP: 5/5
  1906 | D:3      | Found an iron altar of Okawaru.
  1920 | D:3      | Became a worshipper of Warmaster Okawaru
  1920 | D:3      | Reached * piety under Okawaru
  1920 | D:3      | Reached ** piety under Okawaru
  1967 | D:3      | Reached skill level 6 in Long Blades
  2184 | D:3      | Found a sacrificial altar of Ru.
  2336 | D:3      | Reached XP level 6. HP: 42/47 MP: 6/6
  2853 | D:4      | Found a snail-covered altar of Cheibriados.
  3038 | D:4      | Reached skill level 7 in Long Blades
  3038 | D:4      | Reached skill level 1 in Stealth
  3124 | D:4      | Found an opulent altar of Gozag.
  3295 | D:4      | Gained mutation: You are partially covered in molten
                  | scales. (AC +2) [demonic ancestry]
  3295 | D:4      | Reached XP level 7. HP: 52/52 MP: 7/7
  3448 | D:5      | Entered Level 5 of the Dungeon
  3534 | D:5      | Found a hide-covered altar of Uskayaw.
  3634 | D:5      | Reached *** piety under Okawaru
  3635 | D:5      | Reached skill level 8 in Long Blades
  3836 | D:5      | Reached skill level 1 in Invocations
  4001 | D:5      | Noticed Menkaure
  4094 | D:5      | Gained mutation: You are mostly covered in sharp spines.
                  | [demonic ancestry]
  4094 | D:5      | Reached XP level 8. HP: 32/58 MP: 9/9
  4239 | D:5      | Killed Menkaure
  4416 | D:6      | Found a staircase to the Ecumenical Temple.
  4433 | D:6      | Reached skill level 9 in Long Blades
  4540 | D:6      | Noticed Dowan
  4540 | D:6      | Noticed Duvessa
  4592 | D:6      | Noticed Blork the orc
  4599 | D:6      | Killed Blork the orc
  4743 | D:6      | Noticed Eustachio
  5176 | D:6      | Killed Eustachio
  5176 | D:6      | Reached **** piety under Okawaru
  5580 | D:6      | Reached skill level 5 in Invocations
  5946 | D:6      | Killed Duvessa
  5947 | D:6      | Reached skill level 10 in Long Blades
  5954 | D:6      | Killed Dowan
  6131 | D:6      | Reached XP level 9. HP: 46/63 MP: 13/13
  6744 | D:7      | Found a sparkling altar of Nemelex Xobeh.
  6836 | D:7      | Reached ***** piety under Okawaru
  7102 | D:7      | Reached skill level 11 in Long Blades
  7135 | D:7      | Found a blossoming altar of Fedhas.
  7810 | D:8      | Identified the +2 dagger of Okawaru's Generosity {drain,
                  | Will++ Dex+3 SInv} (Okawaru gifted it to you on level 8 of
                  | the Dungeon)
  7810 | D:8      | Received a gift from Okawaru
  7828 | D:8      | Slain by a wight

Illustrated notes

Levels and vault maps discovered:
D:1:      dpeg_arrival_boxes_within_box, layout_loops_ring
D:2:      minmay_general_purpose_star, layout_basic, uniq_sigmund
D:3:      layout_basic, mainiacjoe_overflow_24_doors, hangedman_ru_absence
D:4:      layout_cave_pools, mainiacjoe_overflow_brackets, cheibriados_altar_1,
          nrook_campfire, chequers_hall_statues_corner_a
D:5:      layout_basic, lemuel_doored_altar, st_stairs_6, uniq_menkaure
D:6:      layout_basic, minmay_temple_entry_ruins, uniq_blork_the_orc,
          uniq_eustachio, uniq_duvessa
D:7:      layout_loops_ring, nicolae_overflow_quartered_altars, st_stairs_11,
          hangedman_decor_clover_reticule
D:8:      layout_layer_cave, kiku_gazebo_garden_becter, xom_redecorated,
          due_lair_maze_entry_diamond, serial_shops,
          nicolae_shop_bloodbath_and_beyond, kennysheep_generic_room_12,
          uniq_joseph

Skill      XL: |  1  2  3  4  5  6  7  8  9 |
---------------+----------------------------+-----
Long Blades    | 3 5 6 7 8 10 11 | 11.7
Stealth        | 1 |  1.5
Invocations    | 2 5 8 |  8.4
Dodging        | 3 |  3.5
Fighting       | |  3.0

Action                     |  1- 3 |  4- 6 |  7- 9 || total
---------------------------+-------+-------+-------++-------
  Melee: Falchion          |    80 |   100 |   164 ||   344
         Scimitar          |       |       |    60 ||    60
  Throw: Throwing net      |       |       |     1 ||     1
 Invoke: Heroism           |       |       |     1 ||     1
    Use: Potion            |     4 |       |     2 ||     6
         Scroll            |       |       |     8 ||     8
 Armour: Robe              |     8 |    11 |    38 ||    57
  Dodge: Dodged            |    40 |    48 |   117 ||   205
